 Dungeon Crawl Stone Soup version 0.20.0-7-g3b7b877 (webtiles) character file.

61 Gorglomux the Caller (level 3, -2/30 HPs)
             Began as a Minotaur Summoner on May 29, 2017.
             Slain by an adder (4 damage)
             ... on level 2 of the Dungeon.
             The game lasted 00:01:13 (1447 turns).

Gorglomux the Caller (Minotaur Summoner)            Turns: 1447, Time: 00:01:15

Health: -2/30      AC:  2    Str: 13    XL:     3   Next: 83%
Magic:  4/4        EV: 18    Int: 12    God:
Gold:   38         SH:  0    Dex: 15    Spells: 3/4 levels left

rFire    + . .     SeeInvis .   g - +0 whip
rCold    + . .     Gourm    .   (no shield)
rNeg     . . .     Faith    .   a - +0 robe
rPois    +         Spirit   .   (helmet restricted)
rElec    +         Reflect  .   (no cloak)
rCorr    +         Harm     .   (no gloves)
MR       .....                  (no boots)
Stlth    +++.......             (no amulet)
Regen    0.1/turn               (no ring)
MPRegen  0.1/turn               (no ring)

@: agile, lethally poisoned (-2 -> -4), resistant
A: retaliatory headbutt, horns 2
a: no special abilities


You were on level 2 of the Dungeon.
You were not hungry.

You visited 1 branch of the dungeon, and saw 2 of its levels.

You collected 38 gold pieces.

Inventory:

Hand Weapons
 g - a +0 whip (weapon)
Armour
 a - a +0 robe (worn)
Scrolls
 d - 2 scrolls of fear {unknown}
 e - 5 scrolls of identify {unknown}
 f - a scroll of amnesia {unknown}
 j - a scroll of teleportation {unknown}
 k - a scroll of magic mapping {unknown}
Potions
 o - a potion of heal wounds {unknown}
Books
 b - a book of Callings

   Spells                             Type                      Level
   a - Summon Small Mammal            Summoning                    1
   b - Call Imp                       Summoning                    2
   c - Call Canine Familiar           Summoning                    3
   d - Summon Guardian Golem          Hexes/Summoning              3
   e - Summon Lightning Spire         Summoning/Air                4
   f - Summon Ice Beast               Ice/Summoning                4
Comestibles
 c - 2 bread rations


   Skills:
 + Level 2.8 Fighting
 + Level 2.2 Maces & Flails
 - Level 2.1 Dodging
 - Level 1.5 Stealth
 - Level 1.4 Unarmed Combat
 - Level 1.3 Spellcasting
 - Level 2.9 Summonings


You had 3 spell levels left.
You knew the following spells:

 Your Spells              Type           Power        Failure   Level  Hunger
a - Summon Small Mammal   Summ           #...         9%          1    ##.....


Dungeon Overview and Level Annotations

Branches:
Dungeon (2/15)

Altars:


Innate Abilities, Weirdness & Mutations

You reflexively headbutt those who attack you in melee.
You have a pair of horns on your head.


Message History

The adder is lightly wounded.
The adder bites you.
* * * LOW HITPOINT WARNING * * *
You barely miss the adder.
The adder is lightly wounded.
The adder bites you.
* * * LOW HITPOINT WARNING * * *
The adder bites you.
* * * LOW HITPOINT WARNING * * *
You are lethally poisoned!
The adder poisons you!
It was a potion of agility.
You feel agile all of a sudden.
* * * LOW HITPOINT WARNING * * *
You feel sick. The adder closely misses you. You furiously retaliate!
You headbutt the adder.
It was a potion of resistance.
You feel protected. The adder bites you.
You die...

?.............#
..............#
...........%..#
..............#
.............#
............#
.......?....#
..........S.#
###........@#
###########


You could see an adder.

Vanquished Creatures
  Terence (D:2)
  2 adders (D:2)
  A dart slug (D:1)
  A giant cockroach (D:1)
  3 goblins (D:1)
  A hobgoblin (D:1)
  4 kobolds
  2 bats
  A frilled lizard (D:1)
  5 rats (D:1)
21 creatures vanquished.

Notes
Turn   | Place    | Note
-------+----------+-------------------------------------------
     0 | D:1      | Gorglomux the Minotaur Summoner began the quest for the Orb.
     0 | D:1      | Reached XP level 1. HP: 14/14 MP: 1/1
   115 | D:1      | Reached skill level 1 in Fighting
   144 | D:1      | Reached skill level 1 in Unarmed Combat
   182 | D:1      | Reached XP level 2. HP: 14/23 MP: 3/3
  1072 | D:2      | Noticed Terence
  1084 | D:2      | Killed Terence
  1084 | D:2      | Reached skill level 1 in Maces & Flails
  1084 | D:2      | Reached XP level 3. HP: 9/30 MP: 4/4
  1447 | D:2      | Slain by an adder

Skill      XL: |  1  2  3 |
---------------+----------+-----
Fighting       | 1 2 |  2.8
Unarmed Combat | 1 |  1.4
Maces & Flails | 1 2 |  2.2
Dodging        | |  2.1
Stealth        | |  1.5
Spellcasting   | |  1.3
Summonings     | |  2.9

Action                   || total
-------------------------++-------
Melee: Whip              ||    62
       Unarmed           ||     7
       Headbutt          ||     7
       Punch             ||     1
 Cast: Summon Small Mamm ||     1
  Use: Potion            ||     2
 Stab: Distracted        ||     1
       Sleeping          ||     1
  Eat: Chunk             ||     2
Armor: Robe              ||    15
Dodge: Dodged            ||    45
